 Dungeon Crawl Stone Soup version 0.31-a0-214-gb37851dbb3 (webtiles) character file.

Game seed: 14571144002645242002

28 innerfire43 the Trooper (level 2, -5/24 HPs)
             Began as a Demonspawn Monk on July 1, 2023.
             Slain by Natasha (7 damage)
             ... on level 2 of the Dungeon.
             The game lasted 00:00:47 (632 turns).

innerfire43 the Trooper (Demonspawn Monk)            Turns: 632, Time: 00:00:48

Health: -5/24      AC:  2    Str: 11    XL:     2   Next: 96%
Magic:  2/2        EV: 13    Int: 11    God:
Gold:   67         SH:  0    Dex: 17    Spells: 1/1 levels left

rFire   . . .        a - +0 hand axe
rCold   . . .        d - orb {light}
rNeg    . . .        b - +0 robe
rPois   .            (no helmet)
rElec   .            (no cloak)
rCorr   .            (no gloves)
SInv    .            (no boots)
Will    .....        (no amulet)
Stlth   +            (no ring)
HPRegen 0.24/turn    (no ring)
MPRegen 0.08/turn

%: no passive effects
@: slowed, glowing, very slow
A: thin skeletal structure 1
a: no special abilities


You were on level 2 of the Dungeon.
You visited 1 branch of the dungeon, and saw 2 of its levels.

You collected 67 gold pieces.

Inventory:

Hand Weapons
 a - a +0 hand axe (weapon)
Armour
 b - a +0 robe (worn)
 d - an orb of light (worn)
Scrolls
 e - 2 scrolls of immolation {unknown}
 g - a scroll of poison {unknown}
 h - a scroll of revelation {unknown}
 i - a scroll of identify {unknown}
Potions
 c - a potion of ambrosia
 f - a potion of curing {unknown}


   Skills:
 + Level 3.4 Fighting
 + Level 3.1 Axes
 + Level 3.0 Dodging


You had one spell level left.
You didn't know any spells.
Your spell library was empty.

Dungeon Overview and Level Annotations

Branches:
Dungeon (2/15)

Altars:

Annotations:
D:2 Natasha


Innate Abilities, Weirdness & Mutations

You have a somewhat thin skeletal structure. (Dex +2, Stealth+)


Message History

The hobgoblin hits you.
You hit the hobgoblin but do no damage.
The hobgoblin is severely wounded.
The hobgoblin barely misses you.
You barely miss the hobgoblin.
The hobgoblin is severely wounded.
Natasha mumbles some strange words.
The hobgoblin misses you.
You barely miss the hobgoblin.
The hobgoblin is severely wounded.
The hobgoblin misses you. The cerulean imp misses you.
You hit the hobgoblin.
You kill the hobgoblin!
Natasha mumbles some strange words.
The cerulean imp hits you from afar with a +2 spear.
The cerulean imp shouts!
A hobgoblin comes into view.
Natasha casts a spell.
The cerulean imp hits you with a +2 spear.
The cerulean imp hits you from afar with a +1 spear.
You see here 8 gold pieces.
You completely miss Natasha. You barely miss the cerulean imp.
Natasha barely misses you. The cerulean imp misses you.
The cerulean imp hits you but does no damage.
You barely miss Natasha. You hit the cerulean imp. Natasha barely misses you.
The cerulean imp hits you with a +2 spear.
The cerulean imp barely misses you. x2
Natasha stares at you and mumbles some strange words.
You feel yourself slow down.
You barely miss Natasha.
You hit the cerulean imp but do no damage.
The cerulean imp barely misses you.
The cerulean imp hits you from afar with a +1 spear.
* * * LOW HITPOINT WARNING * * *
The cerulean imp hits you from afar with a +1 spear.
* * * LOW HITPOINT WARNING * * *
Natasha howls an incantation.
Natasha glows brightly for a moment.
Natasha claws you!
You die...

#.###.......#
.#.........#
..###.....#
#. #.....#
#.###.#...#
#.....#.###
###.###.# #.#
#.# #@# #.#
...g.55h# #.#
######.5# #.#
#..# #.# #..#
#.# #... #.##
#.


You could see Natasha, 3 cerulean imps and a hobgoblin.

Vanquished Creatures
  A dart slug (D:1)
  4 ball pythons
  2 bats (D:1)
  3 endoplasms (D:1)
  3 goblins
  2 hobgoblins
  3 frilled lizards (D:1)
  3 kobolds (D:1)
  4 rats (D:1)
25 creatures vanquished.

Notes
Turn   | Place    | Note
-------+----------+-------------------------------------------
     0 | D:1      | innerfire43 the Demonspawn Monk began the quest for the
                  | Orb.
     0 | D:1      | Reached XP level 1. HP: 18/18 MP: 1/1
   130 | D:1      | Gained mutation: You have a somewhat thin skeletal
                  | structure. (Dex +2, Stealth+) [demonic ancestry]
   130 | D:1      | Reached XP level 2. HP: 13/24 MP: 2/2
   619 | D:2      | Noticed Natasha
   632 | D:2      | Slain by Natasha

Illustrated notes

Levels and vault maps discovered:
D:1:      tarquinn_simple_flora_water_b, layout_rooms
D:2:      cheibrodos_fertilizer, layout_loops_ring, uniq_natasha,
          uniq_crazy_yiuf_cottage

Skill      XL: |  1  2 |
---------------+-------+-----
Axes           | 3 |  3.1
Dodging        | 3 |  3.0
Fighting       | |  3.4

Action                     || total
---------------------------++-------
  Melee: Hand axe          ||    47
 Armour: Robe              ||     8
  Dodge: Dodged            ||    31

Table legend: (Time is in decaauts)
 A = Elapsed time spent in this place.
 B = Non-inter-level travel time spent in this place.
 C = Inter-level travel time spent in this place.
 D = Time resting spent in this place.
 E = Time spent auto-exploring this place.
 F = Levels seen in this place.
 G = Mean time per level.
                   A        B        C        D        E       F      G
               +--------+--------+--------+--------+--------+-----+--------+
         Total |    638 |    619 |     19 |      0 |    496 |   2 |  319.0 |
       Dungeon |    638 |    619 |     19 |      0 |    496 |   2 |  319.0 |
               +--------+--------+--------+--------+--------+-----+--------+

Top non-repeatable levels by time:
     D:1: 548 daAuts
     D:2: 90 daAuts
